 Dungeon Crawl Stone Soup version 0.27-a0-1529-g1e82c303ef (webtiles) character file.

Game seed: 3906008487454182982

1428042 ABBCCCDDDD the Acrobat (level 27, 222/224 HPs)
             Began as a Djinni Venom Mage on July 12, 2021.
             Was a High Priest of Okawaru.
             Escaped with the Orb
             ... and 3 runes on July 14, 2021!
             The game lasted 07:30:24 (133748 turns).

ABBCCCDDDD the Acrobat (Djinni Venom Mage)        Turns: 133748, Time: 07:30:24

Health: 222/224    AC: 28    Str: 15 (18) XL:     27
Gold:   1891       EV: 14    Int: 16 (21) God:    Okawaru [*****.] SH: 22 Dex:  5 (13)

rFire    + + +     SeeInvis .   v - +9 double sword (flame)
rCold    + + +     Faith    .   q - +5 kite shield {AC+3}
rNeg     + . .     Spirit   .   L - +9 ice dragon scales
rPois    ∞         Reflect  +   A - +2 helmet {Int+3}
rElec    +         Harm     .   b - scarf {rC+ rF+}
rCorr    .         Rampage  .   u - +1 pair of gloves "Poicenn" {+Inv rC++}
Will     ++++.     Rnd*Rage +   (boots unavailable)
Stlth    +.........             F - amulet of reflection
HPRegen  0.47/turn              c - ring of Pyefob {Fire Will+ Slay+3}
MPRegen  0.00/turn              h - ring of Honiffou {rElec rN+ Will+}

@: flying, hasted, studying Shields, very quick
A: sickness immunity, fire resistance 2, cold vulnerability 1, float, innate
caster, hp casting, extra vitality 1, berserk 2, clumsy 1, deformed body,
deterioration 1, dopey 1, strong 1, subdued magic 2, sturdy frame 1, noise
suppression
0: Orb of Zot
}: 3/15 runes: barnacled, abyssal, gossamer
a: Renounce Religion, Evoke Invisibility, Heroism, Finesse


You escaped.
You worshipped Okawaru.
Okawaru was extremely pleased with you.
You visited 13 branches of the dungeon, and saw 58 of its levels.
You visited the Abyss 1 time.
You visited 1 bazaar.
You also visited: Sewer, Bailey, Volcano and Desolation.

You collected 7484 gold pieces.
You spent 5593 gold pieces at shops.

Inventory:

Hand Weapons
 v - a +9 double sword of flaming (weapon)
 K - a +9 demon blade of freezing
Missiles
 l - 9 throwing nets
 o - 13 boomerangs of dispersal
 Y - 6 atropa-tipped darts
 Z - 35 silver javelins (quivered)
Armour
 b - a scarf of resistance (worn)
 q - a +5 kite shield of protection (worn)
 u - the +1 pair of gloves "Poicenn" (worn) {+Inv rC++}
   (Okawaru gifted it to you on level 1 of the Elven Halls)

   rC:        It greatly protects you from cold.
   +Inv:      It lets you turn invisible.
 A - a +2 helmet of intelligence (worn)
 L - +9 ice dragon scales (worn)
Jewellery
 c - the ring of Pyefob (left hand) {Fire Will+ Slay+3}
   (You took it off an ironbound convoker in the Desolation of Salt)

   [ring of fire]

   It enhances your fire magic.
   Slay:      It affects your accuracy & damage with ranged weapons and melee
   (+3).
   rF:        It protects you from fire.
   rC:        It makes you vulnerable to cold.
   Will:      It increases your willpower.
 e - the amulet of Loisorra {RegenMP rCorr MP-9 Dex-5 Stlth+}
   (You took it off a deep elf annihilator on level 3 of the Elven Halls)

   [amulet of magic regeneration]

   It increases your rate of magic regeneration.
   Dex:       It affects your dexterity (-5).
   MP:        It affects your magic capacity (-9).
   rCorr:     It protects you from acid and corrosion.
   Stlth:     It makes you more stealthy.
 f - the amulet of Macaku {Spirit *Slow rPois rC+ rN++}
   (You took it off a deep elf demonologist on level 3 of the Elven Halls)

   [amulet of guardian spirit]

   It causes incoming damage to be divided between your reserves of health and
   magic.
   rC:        It protects you from cold.
   rPois:     It protects you from poison.
   rN:        It greatly protects you from negative energy.
   *Slow:     It may slow you when you take damage.
 h - the ring of Honiffou (right hand) {rElec rN+ Will+}
   (You acquired it on level 2 of the Orcish Mines)

   [ring of willpower]

   rElec:     It insulates you from electricity.
   rN:        It protects you from negative energy.
   Will:      It increases your willpower.
 F - an amulet of reflection (around neck)
 Q - a ring of see invisible
 U - a +6 ring of dexterity
Wands
 a - a wand of paralysis (11)
 B - a wand of acid (32)
 D - a wand of iceblast (13)
 I - a wand of flame (79)
 M - a wand of charming (33)
 X - a wand of mindburst (15)
Scrolls
 k - a scroll of fog
 w - 11 scrolls of teleportation
 C - a scroll of enchant armour
 E - 4 scrolls of silence
 G - 5 scrolls of torment
 H - 5 scrolls of magic mapping
 J - 6 scrolls of fear
 P - 7 scrolls of identify
 W - 2 scrolls of holy word
Potions
 d - 2 potions of might
 g - 30 potions of curing
 i - a potion of mutation
 n - 5 potions of haste
 p - 11 potions of brilliance
 r - 3 potions of cancellation
 s - 4 potions of invisibility
 t - 4 potions of berserk rage
 z - 9 potions of lignification
 T - 3 potions of resistance
 V - 6 potions of ambrosia
Miscellaneous
 m - a condenser vane
 x - a phantom mirror
 y - a box of beasts
 N - a tin of tremorstones (2/2)
 R - a phial of floods


   Skills:
 + Level 26.0 Fighting
 - Level 16.0 Long Blades
 - Level 15.0 Armour
 + Level 26.1 Dodging
 - Level 8.0 Stealth
 - Level 15.0 Shields
 - Level 21.5 Spellcasting
 - Level 7.0 Invocations
 - Level 8.1 Evocations


You couldn't memorise any spells.
You knew the following spells:

 Your Spells              Type           Power      Damage    Failure   Level
a - Sting                 Tmut/Pois      100%       1d8       0%          1
b - Poisonous Vapours     Pois/Air       100%       N/A       0%          2
c - Mephitic Cloud        Conj/Pois/Air  52%        N/A       0%          3
d - Olgreb's Toxic Radia  Pois           52%        N/A       0%          4
e - Animate Skeleton      Necr           100%       N/A       0%          1
f - Call Imp              Summ           52%        N/A       0%          2
g - Frozen Ramparts       Ice            100%       1d12      0%          3
h - Lesser Beckoning      Tloc           26%        N/A       0%          3
i - Alistair's Intoxicat  Tmut/Pois      34%        N/A       0%          5
j - Manifold Assault      Tloc           52%        N/A       0%          5
k - Death Channel         Necr           26%        N/A       1%          6
l - Storm Form            Tmut/Air       26%        N/A       1%          7
m - Summon Hydra          Summ           26%        N/A       1%          7
n - Lehudib's Crystal Sp  Conj/Erth      26%        10d7      3%          8
o - Ozocubu's Refrigerat  Ice            26%        4d10      1%          7
p - Shatter               Erth           26%        3d22*     56%         9
q - Chain Lightning       Conj/Air       26%        3d34      56%         9
Your spell library was empty.

Dungeon Overview and Level Annotations

Branches:
Dungeon (15/15)            Temple (1/1) D:4            Lair (6/6) D:10
 Shoals (4/4) Lair:3       Spider (4/4) Lair:4        Slime (5/5) Lair:6
    Orc (2/2) D:11            Elf (3/3) Orc:2        Vaults (4/5) D:13
  Crypt (3/3) Vaults:2       Tomb (0/3) Crypt:3      Depths (5/5) D:15
   Hell (visited)             Dis (0/7) Hell            Geh (0/7) Hell
    Coc (0/7) Hell            Tar (0/7) Hell            Zot (5/5) Depths:5
  Sewer (visited)          Bailey (visited)         Volcano (visited)
Desolation (visited)

Altars:
Ashenzari
Cheibriados
Dithmenos
Elyvilon
Fedhas
Gozag
Hepliaklqana
Kikubaaqudgha
Makhleb
Nemelex Xobeh
Okawaru
Qazlal
Ru
Sif Muna
Trog
Uskayaw
Vehumet
Wu Jian
Xom
Yredelemnul
Zin
The Shining One
Beogh
Jiyva

Shops:
D:2 :   D:9 [   D:10 (   D:11 =   Orc:2 *(**?   Elf:1 (   Elf:2 !!   Shoals:1 ?
Shoals:3 *   Vaults:3 ?   Zot:2 *   Depths:3 ::=

Portals:
Hell: Depths:1 Depths:2 Depths:3 Depths:4 Depths:5
Abyss: Lair:3 Depths:4
Pandemonium: Depths:1 Depths:3
Ziggurat: Depths:4

Annotations:
D:4 exclusion: downstairs
D:7 1 runed translucent door, Rayvis's ghost, novice MiFi
D:9 6 runed translucent doors, ThereIsNoGod's ghost, journeyman DjIE
D:12 exclusion: boulder beetle
D:13 exclusion: hydra
D:15 exclusion: hydra
Lair:2 exclusion: 2 oklob plants
Lair:3 2 transporters, Izit's ghost, journeyman DECj
Lair:4 1 runed translucent door, fpsbossfight's ghost, journeyman DrCj
Lair:5 exclusion: 2 downstairs
Lair:6 exclusion: obsidian statue
Shoals:1 Roxanne
Shoals:4 Bai Suzhen
Elf:2 3 runed translucent doors
Zot:1 1 transporter, 4 exclusions
Zot:2 3 runed translucent doors, exclusions: obsidian statue and 2 more exclusions, Roxtikhle's ghost, legendary OgGl
Zot:4 2 exclusions
Zot:5 2 exclusions


Innate Abilities, Weirdness & Mutations

You are immune to sickness and miasma.
You are immune to poison.
Your flesh is very heat resistant. (rF++)
You are vulnerable to cold. (rC-)
You float through the air rather than walking.
You learn spells naturally, not from books.
Your magical power is your life essence.
You have superior vitality. (+4 HP)
You often lose your temper in combat.
You are clumsy. (Dex -2)
Armour fits poorly on your strangely shaped body.
Your body sometimes deteriorates upon taking damage.
You are dopey. (Int -2)
Your muscles are strong. (Str +2)
Your spells are easier to cast, but less powerful.
Your movements are slightly less encumbered by armour. (ER -2)
You passively dampen the noise of your surroundings.


Message History

Press: ? - help, v - describe, . - travel
Here: Sonaf The floor.
Blink to where?
Press: ? - help, Dir - move target
As you read the scroll of blinking, it crumbles to dust.
Sonaf moves out of view.
The small abomination moves out of view.
Your extra speed is starting to run out.
A sun demon comes into view.
There is a stone staircase leading up here.
You fly upwards.
Level annotation: exclusion: downstairs
There is a stone staircase leading down here.
Unknown command.
You feel yourself slow down.
A toenail golem comes into view.
The toenail golem moves out of view.
Okay, then.
Aiming: Dig
Press: ? - help, Shift-Dir - straight line A rock wall.
This square is covered in magical glow.
The rock shatters into small pieces.
The now-empty wand crumbles to dust.
There is a stone staircase leading up here.
You feel yourself speed up.
You fly upwards.
There is a stone staircase leading down here.
There is a stone staircase leading up here.
You fly upwards.
There is a stone staircase leading down here.
You see here 24 arrows.
There is a stone staircase leading up here.
Okay, then.
You fly upwards.
There is a stone staircase leading down here.
Okay, then.
You feel as though your hastened speed will last longer.
There is a staircase leading out of the dungeon here.
You have escaped!

#..###.##### #########..# #.# #
##############..........###.# #
.......................###..# #
##############.....######.#.#####
#.......8.#####.###.....
#.#.......§§§###.#.#####
#........≈§§§##....# #
#########..8..8@.≈≈§§##.#.## #
##................≈≈≈≈##.#.## #
.....#######.......≈≈≈##....#####
.###.########....8.#######.......
.# #..).....#......# ####.......
.###.######.#...#### #.#########
.....# #.#.### ###.# # ######
#.#.# #...# #
#.#.#######.###########


There were no monsters in sight!

Vanquished Creatures
  A dread lich (Zot:5)
  2 ancient liches
  10 orbs of fire
  Mara (Elf:3)
  A juggernaut (Depths:4)
  Boris (Crypt:3)
  5 Killer Klowns
  4 curse toes
  Nikola (Vaults:3)
  Geryon (Hell)
  Jory (Crypt:3)
  15 golden dragons
  A profane servitor (Crypt:3)
  the Enchantress (Depths:1)
  5 bone dragons
  Arachne (Spider:4)
  A Brimstone Fiend (Depths:4)
  2 electric golems
  14 tentacled monstrosities
  2 Ice Fiends
  26 Orb Guardians
  7 liches
  A titan (Vaults:2)
  16 acid blobs
  3 deep elf master archers (Elf:3)
  9 sphinxes
  6 quicksilver dragons
  A deep elf blademaster (Elf:3)
  An ancient champion (Crypt:1)
  9 death cobs
  13 shadow dragons
  10 storm dragons
  8 draconian monks
  6 rockslimes
  3 revenants
  7 draconian knights
  4 tengu reavers
  10 fire giants
  9 azure jellies
  11 ghost moths
  3 draconian scorchers (Zot:3)
  15 frost giants
  7 emperor scorpions
  A balrug (Hell)
  12 deep elf sorcerers
  2 iron dragons (Depths:1)
  Aizul (Shoals:4)
  2 curse skulls
  8 draconian shifters
  5 draconian stormcallers
  3 imperial myrmidons (Desolation)
  5 spectral caustic shrikes
  A cacodemon (Depths:3)
  3 reapers (Hell)
  4 deep elf elementalists (Elf:3)
  13 ironbound preservers
  11 draconian annihilators
  10 vault wardens
  5 spriggan defenders
  30 very ugly things
  15 ghouls
  2 quicksilver oozes (Slime:1)
  2 war gargoyles (Depths:1)
  26 stone giants
  10 vampire knights
  30 green draconians
  6 deep elf demonologists
  2 lorocyprocas (Depths:1)
  15 white draconians
  13 yellow draconians
  12 deep elf annihilators
  A halazid warlock (Desolation)
  14 spark wasps
  22 black draconians
  5 dire elephants
  18 purple draconians
  6 entropy weavers
  4 deep elf death magi
  14 red draconians
  11 eidola
  3 crystal guardians
  3 blizzard demons
  7 merfolk javelineers
  A green death (Hell)
  13 merfolk impalers
  12 ettins
  14 fire dragons
  Josephine (Lair:6)
  13 yaktaur captains
  2 jiangshi
  8 deep elf high priests
  3 ragged hierophants (Desolation)
  5 servants of whispers (Desolation)
  13 great orbs of eyes
  5 boulder beetles
  Fannar (Orc:1)
  11 rakshasas
  6 hydras
  A monstrous demonspawn (D:8)
  3 peacekeepers
  Harold (D:8)
  21 ice dragons
  A catoblepas (Lair:4)
  4 spriggan air magi
  6 ironbound frosthearts
  5 merfolk avatars
  2 hell beasts
  6 merfolk aquamancers
  An anaconda (Shoals:4)
  7 two-headed ogres
  10 vault guards
  9 ironbound thunderhulks
  2 ogre magi
  10 deep troll shamans
  5 alligator snapping turtles
  10 death knights
  16 centaur warriors
  A death yak (Lair:6)
  2 satyrs
  7 tengu warriors
  8 hell hogs
  12 deep troll earth magi
  4 orc high priests
  5 vampire magi
  13 dancing weapons
  8 spriggan berserkers
  8 sun demons
  An ironbound beastmaster (Vaults:2)
  2 titan zombies (Crypt:3)
  4 deep elf knights
  6 soul eaters
  10 hell knights
  Urug (Lair:2)
  12 iron trolls
  A fire crab (Lair:3)
  A salamander mystic (Depths:2)
  23 skeletal warriors
  2 shadow wraiths (Crypt:2)
  2 anaconda zombies (Hell)
  A spectral anaconda (Lair:6)
  A storm dragon skeleton (Vaults:1)
  18 sea snakes
  A death drake (Depths:5)
  A swamp dragon (shapeshifter) (D:14)
  A glowing orange brain (shapeshifter) (Vaults:4)
  A deep troll (shapeshifter) (Depths:5)
  7 harpies
  16 deep elf archers
  A ghost moth zombie (Crypt:3)
  9 flayed ghosts
  4 glowing orange brains
  2 bog bodies
  65 deep trolls
  5 orc knights (Orc:2)
  2 wolf spider zombies (Crypt:3)
  An anaconda skeleton (Hell)
  25 ironbound convokers
  An obsidian statue (Zot:5)
  11 orb spiders
  13 necromancers
  28 phantasmal warriors
  23 deep elf zephyrmancers
  2 iron dragon zombies
  17 deep elf pyromancers
  A worldbinder (Abyss:3)
  31 ugly things
  30 wolf spiders
  8 orc sorcerers
  10 wizards
  A goliath frog zombie (Crypt:1)
  2 frost giant zombies (Crypt:3)
  A tengu skeleton (Vaults:4)
  4 shining eyes
  A shining eye (shapeshifter) (Zot:2)
  A stone giant zombie (Crypt:3)
  3 salamanders (Depths:2)
  11 elephants (Lair:6)
  18 fauns
  A shadow dragon skeleton (Crypt:2)
  2 iron dragon skeletons
  18 manticores
  37 moths of wrath
  2 ice statues (Hell)
  A fire giant skeleton (Hell)
  9 cyclopes
  A guardian serpent (Desolation)
  11 rust devils
  8 molten gargoyles
  A shock serpent zombie (Crypt:3)
  11 merfolk sirens
  7 smoke demons
  6 nameless horrors
  6 water nymphs
  5 torpor snails (Lair:4)
  5 centaur zombies
  3 dire elephant zombies
  4 black mambas
  20 vault sentinels
  3 eyes of devastation (Slime:5)
  2 gargoyles
  12 cane toads
  An emperor scorpion zombie (Crypt:3)
  A grey draconian zombie (Crypt:1)
  12 komodo dragons
  A kobold demonologist (D:11)
  2 unseen horrors
  A hellion (Hell)
  8 rime drakes
  7 demonic crawlers
  Psyche (D:8)
  A sea snake zombie (Hell)
  14 freezing wraiths
  A guardian mummy (Crypt:3)
  2 tormentors
  29 yaktaurs
  A white draconian skeleton (Crypt:2)
  A yaktaur skeleton (Vaults:1)
  An anaconda simulacrum (Crypt:2)
  2 ice devils (Depths:1)
  4 tengu conjurers
  2 red devils
  35 jumping spiders
  2 polar bears
  A jumping spider (shapeshifter) (Vaults:3)
  A meliai (shapeshifter) (D:9)
  A pale draconian skeleton (Crypt:1)
  A shadow dragon simulacrum (Crypt:2)
  A grey draconian skeleton (Crypt:1)
  10 wind drakes
  29 merfolk
  A hydra skeleton (Hell)
  7 trolls
  2 alligator zombies (Hell)
  3 meliai (D:15)
  38 saltlings (Desolation)
  A tengu simulacrum (Vaults:4)
  12 snapping turtles
  98 slime creatures
  12 blink frogs
  10 hornets
  5 dream sheep
  An alligator skeleton (Hell)
  A human simulacrum (Vaults:3)
  A fire giant simulacrum (Crypt:2)
  5 flying skulls (Crypt:2)
  19 water elementals
  15 wraiths
  20 tarantellas
  A frost giant simulacrum (Vaults:1)
  A vampire (D:11)
  64 redbacks
  4 shadows
  Eustachio (D:6)
  A black mamba zombie (Crypt:3)
  45 yaks
  2 spriggans
  4 wyverns
  A fire dragon skeleton (Crypt:2)
  2 ushabtiu (Crypt:3)
  A dire elephant simulacrum (Lair:6)
  3 fire elementals
  3 air elementals
  2 chaos spawn
  4 fire bats
  A golden eye (shapeshifter) (D:14)
  9 golden eyes
  A basilisk (D:14)
  A hog (shapeshifter) (Depths:5)
  2 steam dragons
  2 vampire mosquitoes (D:10)
  5 wargs
  An elf skeleton (Depths:3)
  2 spectral cane toads (Lair:6)
  An acid dragon (Lair:6)
  A harpy simulacrum (Hell)
  3 cane toad zombies
  An orb spider zombie (Crypt:1)
  10 water moccasins
  2 floating eyes
  A floating eye (shapeshifter) (D:14)
  16 orc warriors
  An ettin simulacrum (Hell)
  A sky beast (D:6)
  A swamp drake (Lair:6)
  A black bear (D:4)
  17 necrophages
  2 ogres
  A swamp dragon zombie (Crypt:3)
  5 boggarts (Vaults:4)
  A human skeleton (Vaults:4)
  An elephant zombie (Lair:6)
  7 wolves
  12 centaurs
  An elephant skeleton (Crypt:2)
  An elf zombie (Crypt:2)
  6 kobold brigands
  A human zombie (Vaults:1)
  4 bullfrogs
  4 scorpions (Lair:4)
  A gnoll sergeant (D:12)
  3 earth elementals
  2 cane toad simulacra (Lair:6)
  A wyvern zombie (D:8)
  7 wyvern skeletons (Crypt:3)
  17 killer bees
  4 wights
  A warg skeleton (Crypt:2)
  A water moccasin skeleton (D:4)
  4 electric eels
  A wolf zombie (Crypt:1)
  2 lava snakes (Volcano)
  A hound (D:4)
  3 jellies (Depths:5)
  3 iguanas (D:5)
  10 orc priests
  A bullfrog skeleton (D:5)
  Natasha (D:3)
  24 orc wizards
  A demigod skeleton (Crypt:1)
  A deep dwarf skeleton (Crypt:2)
  A hound skeleton (D:4)
  2 howler monkey zombies (D:9)
  26 gnolls
  4 adders
  2 white imps
  2 ufetubi
  An iguana skeleton (Crypt:2)
  A worm (D:5)
  3 dart slugs
  42 orcs
  A bat zombie (Crypt:2)
  4 endoplasms
  7 giant cockroaches
  14 goblins
  16 hobgoblins
  6 jackals
  39 kobolds
  6 quokkas
  6 ball pythons
  3 bats
  7 frilled lizards
  11 rats
  A rat zombie (Crypt:2)
  13 pillars of salt
2522 creatures vanquished.

Vanquished Creatures (collateral kills)
  A juggernaut (Depths:5)
  An electric golem (Zot:5)
  A deep elf blademaster (Elf:3)
  4 frost giants
  A deep elf sorcerer (Elf:3)
  A draconian scorcher (Zot:2)
  A draconian annihilator (Zot:1)
  A curse skull (Crypt:2)
  A draconian shifter (Zot:1)
  An imperial myrmidon (Desolation)
  2 very ugly things (Vaults:1)
  A stone giant (Depths:2)
  2 deep elf annihilators (Elf:3)
  A yellow draconian (Zot:1)
  2 white draconians
  A deep elf death mage (Elf:3)
  An ettin (Depths:1)
  A mummy priest (Crypt:3)
  An ice dragon (Depths:2)
  A hydra (Lair:6)
  3 peacekeepers (Desolation)
  A death knight (Crypt:1)
  2 alligator snapping turtles (Shoals:4)
  A centaur warrior (Vaults:1)
  A spriggan berserker (Depths:1)
  A hell knight (Volcano)
  2 skeletal warriors (Crypt:3)
  A deep troll (Vaults:3)
  4 deep elf pyromancers
  2 phantasmal warriors
  A necromancer (Lair:6)
  3 ugly things (Depths:1)
  A wolf spider (Spider:1)
  A manticore (Shoals:3)
  A centaur zombie (D:10)
  A torpor snail (Spider:1)
  A cane toad (Lair:1)
  A gargoyle (D:12)
  A freezing wraith (Vaults:2)
  A yaktaur (Vaults:4)
  A merfolk (Shoals:1)
  A polar bear (Lair:4)
  2 slime creatures (D:14)
  An iron troll skeleton (Crypt:1)
  2 hornets (Depths:1)
  2 blink frogs
  8 saltlings (Desolation)
  2 spriggans (Depths:1)
  2 redbacks
  3 tarantellas (Spider:4)
  2 wraiths
  6 yaks
  A basilisk (Lair:3)
  An acid dragon (D:10)
  2 water moccasins
  A black bear (Lair:2)
  4 orc warriors
  2 necrophages (D:6)
  A wolf (Lair:4)
  3 ogres
  4 kobold brigands
  4 bullfrogs
  2 scorpions (Lair:4)
  A wight (D:9)
  A howler monkey (D:7)
  A jelly (D:5)
  A gnoll shaman (D:8)
  A centaur skeleton (D:5)
  4 hounds
  An iguana (D:6)
  3 orc wizards
  Natasha (twice) (D:3)
  A dwarf zombie (Crypt:2)
  4 gnolls
  5 adders
  A howler monkey skeleton (D:7)
  A shadow imp (D:6)
  A white imp (D:5)
  2 orcs (D:5)
  2 ball pythons
  An endoplasm (D:4)
  A goblin (D:7)
  5 hobgoblins (Bailey)
  3 quokkas
  A frilled lizard (Sewer)
  4 kobolds
  A rat (D:5)
161 creatures vanquished.

Vanquished Creatures (others)
  An ironbound preserver (Vaults:3)
  2 draconian shifters
  A deep elf high priest (Vaults:3)
  A deep elf knight (Elf:3)
  2 deep elf zephyrmancers
  An orb spider (Spider:4)
  A moth of wrath (Zot:3)
  A yaktaur (Vaults:3)
  A hydra zombie (Hell)
  A raiju (Abyss:3)
  A dream sheep (Shoals:2)
  A neqoxec (Depths:1)
  An ogre (D:15)
  21 fungi
  A lurking horror (Abyss:3)
  149 plants
  23 withered plants
209 creatures vanquished.

Grand Total: 2892 creatures vanquished

Notes
Turn   | Place    | Note
-------+----------+-------------------------------------------
     0 | D:1      | ABBCCCDDDD the Djinni Venom Mage began the quest for the
                  | Orb.
     0 | D:1      | Reached XP level 1. HP: 15/15 MP: 0/0
   222 | D:1      | Reached XP level 2. HP: 21/22 MP: 0/0
   454 | D:1      | Reached skill level 1 in Fighting
   603 | D:1      | Reached XP level 3. HP: 26/27 MP: 0/0
   603 | D:1      | Learned a level 1 spell: Animate Skeleton
  1300 | D:1      | Reached XP level 4. HP: 27/32 MP: 0/0
  1584 | D:2      | Found Syetus's Book Boutique.
  1942 | D:2      | Reached XP level 5. HP: 15/38 MP: 0/0
  1942 | D:2      | Learned a level 2 spell: Call Imp
  2571 | D:3      | Noticed Natasha
  2577 | D:3      | Killed Natasha
  2889 | D:3      | Noticed Natasha
  2896 | D:3      | Killed Natasha
  2915 | D:3      | Noticed Natasha
  2970 | D:3      | Killed Natasha
  3312 | D:3      | Reached XP level 6. HP: 39/43 MP: 0/0
  3804 | D:4      | Noticed a black bear
  3975 | D:4      | Found a staircase to the Ecumenical Temple.
  4083 | Temple   | Entered the Ecumenical Temple
  4229 | Temple   | Became a worshipper of Warmaster Okawaru
  4276 | D:4      | Killed a black bear
  5230 | D:4      | Reached skill level 5 in Spellcasting
  5230 | D:4      | Reached XP level 7. HP: 39/49 MP: 0/0
  5230 | D:4      | Learned a level 3 spell: Frozen Ramparts
  5694 | D:5      | Entered Level 5 of the Dungeon
  5772 | D:5      | Reached * piety under Okawaru
  6057 | D:5      | Found a glowing drain.
  6065 | Sewer    | Entered a sewer
  7128 | D:5      | Reached XP level 8. HP: 49/54 MP: 0/0
  8119 | D:6      | Reached ** piety under Okawaru
  8497 | D:6      | Noticed a cyclops
  8625 | D:6      | Reached skill level 1 in Armour
  8962 | D:6      | Noticed Eustachio
  9467 | D:7      | Found a flagged portal.
  9484 | Bailey   | Entered a bailey
 10182 | Bailey   | Reached XP level 9. HP: 47/60 MP: 0/0
 10182 | Bailey   | Learned a level 3 spell: Lesser Beckoning
 10888 | D:7      | Found a burning altar of Makhleb.
 11129 | D:7      | Found a runed translucent door.
 11130 | D:7      | Noticed Rayvis's ghost (novice MiFi)
 11333 | D:7      | Reached *** piety under Okawaru
 11836 | D:8      | Noticed Harold
 11918 | D:8      | Noticed Psyche
 11921 | D:8      | HP: 3/61 [Harold (9)]
 12294 | D:8      | Killed Psyche
 12495 | D:8      | Noticed a hornet
 12500 | D:8      | Killed a hornet
 12501 | D:8      | Reached skill level 5 in Dodging
 12549 | D:8      | Killed Harold
 12549 | D:8      | Reached **** piety under Okawaru
 12550 | D:8      | Reached skill level 5 in Fighting
 12550 | D:8      | Reached XP level 10. HP: 41/70 MP: 0/0
 12621 | D:8      | Reached ***** piety under Okawaru
 12965 | D:8      | Found a broken altar of Ashenzari.
 13025 | D:8      | Found a glowing golden altar of the Shining One.
 13026 | D:8      | Found an opulent altar of Gozag.
 13402 | D:9      | Found Addumil's Antique Armour Shoppe.
 13481 | D:9      | Found a runed translucent door.
 13573 | D:9      | Reached skill level 1 in Evocations
 13577 | D:9      | Reached skill level 1 in Invocations
 13789 | D:9      | Reached skill level 5 in Armour
 13847 | D:9      | Identified the +3 trident of Waaph {vorpal, +Blink Str+3}
 13968 | D:9      | Found a runed translucent door.
 13969 | D:9      | Noticed a kobold demonologist
 13971 | D:9      | Noticed a deep troll earth mage
 13972 | D:9      | Noticed a rakshasa
 13973 | D:9      | Found a runed translucent door.
 13973 | D:9      | Noticed a centaur warrior
 13973 | D:9      | Noticed a two-headed ogre
 14142 | D:9      | Noticed a boulder beetle
 14158 | D:9      | Noticed a freezing wraith
 14427 | D:9      | Noticed a rime drake
 14427 | D:9      | a yak changed into a rime drake
 15079 | D:10     | Entered Level 10 of the Dungeon
 15523 | D:10     | Received a gift from Okawaru
 15818 | D:10     | Reached XP level 11. HP: 46/78 MP: 0/0
 15818 | D:10     | Learned a level 5 spell: Alistair's Intoxication
 15987 | D:10     | Noticed a boulder beetle
 16436 | D:9      | Found a runed translucent gate.
 16436 | D:9      | Found a runed translucent gate.
 16436 | D:9      | Found a runed translucent gate.
 16438 | D:9      | Noticed a ten-headed hydra
 16438 | D:9      | Noticed ThereIsNoGod's ghost (journeyman DjIE)
 16786 | D:10     | Found Destreuz's Weapon Shop.
 17083 | D:10     | Noticed a two-headed ogre
 17148 | D:10     | Killed a two-headed ogre
 17476 | D:10     | Reached ****** piety under Okawaru
 17676 | D:10     | Found a staircase to the Lair.
 17686 | D:10     | Received a gift from Okawaru
 17779 | D:10     | Reached skill level 5 in Evocations
 18438 | D:11     | Noticed a two-headed ogre
 18454 | D:11     | Killed a two-headed ogre
 18559 | D:11     | Found Nyfrinn's Jewellery Emporium.
 18564 | D:11     | Bought a ring of see invisible for 150 gold pieces
 18780 | Lair:1   | Entered Level 1 of the Lair of Beasts
 18780 | Lair:1   | Noticed a six-headed hydra
 18845 | D:11     | Noticed a five-headed hydra
 19379 | D:12     | Noticed a boulder beetle
 19643 | Lair:1   | Killed a six-headed hydra
 19646 | Lair:1   | Reached XP level 12. HP: 64/86 MP: 0/0
 20008 | Lair:1   | Reached skill level 1 in Long Blades
 20565 | Lair:1   | Received a gift from Okawaru
 21421 | Lair:2   | Noticed a five-headed hydra
 21894 | Lair:2   | Killed a five-headed hydra
 22071 | Lair:2   | Reached skill level 5 in Long Blades
 22254 | Lair:2   | Noticed Urug
 22289 | Lair:2   | Killed Urug
 23474 | Lair:3   | Reached XP level 13. HP: 92/94 MP: 0/0
 23474 | Lair:3   | Learned a level 5 spell: Manifold Assault
 23503 | Lair:3   | Found a transporter.
 23523 | Lair:3   | Found a one-way gate to the infinite horrors of the Abyss.
 23523 | Lair:3   | Noticed Izit's ghost (journeyman DECj)
 23528 | Lair:3   | Noticed a rakshasa
 23535 | Lair:3   | Found a transporter.
 23784 | Lair:3   | Received a gift from Okawaru
 24247 | Lair:3   | Noticed a boulder beetle
 24266 | Lair:3   | Killed a boulder beetle
 24328 | Lair:3   | Found a staircase to the Shoals.
 25314 | Lair:4   | Noticed a catoblepas
 25714 | Lair:4   | Killed a catoblepas
 26226 | Lair:4   | Found a hole to the Spider Nest.
 26274 | Lair:4   | Found a runed translucent door.
 26279 | Lair:4   | Noticed fpsbossfight's ghost (journeyman DrCj)
 26906 | Lair:4   | Reached skill level 10 in Long Blades
 26983 | Lair:4   | Received a gift from Okawaru
 27150 | Lair:4   | Found a snail-covered altar of Cheibriados.
 27948 | Lair:5   | Reached XP level 14. HP: 93/101 MP: 0/0
 28685 | Lair:5   | Identified the +6 quarterstaff of the Median {protect, rF+
                  | rCorr MP+9}
 28712 | Lair:6   | Entered Level 6 of the Lair of Beasts
 28868 | Lair:6   | Noticed Josephine
 28887 | Lair:6   | Killed Josephine
 28924 | Lair:6   | Found a dark tunnel.
 28932 | Volcano  | Entered a volcano
 29635 | Lair:6   | Found a viscous altar of Jiyva.
 29635 | Lair:6   | Found a staircase to the Slime Pits.
 29740 | Lair:6   | Noticed a dire elephant
 29740 | Lair:6   | Noticed a dire elephant
 29740 | Lair:6   | Noticed a dire elephant
 29744 | Lair:6   | Noticed a dire elephant
 29804 | Lair:6   | Received a gift from Okawaru
 31309 | Lair:6   | Killed a dire elephant
 31310 | Lair:6   | Reached skill level 10 in Dodging
 31632 | Lair:6   | Reached skill level 10 in Fighting
 32343 | Lair:6   | Received a gift from Okawaru
 32513 | Lair:6   | Reached skill level 5 in Stealth
 32969 | Lair:6   | Killed a dire elephant
 33192 | Lair:6   | Killed a dire elephant
 33193 | Lair:6   | Reached XP level 15. HP: 69/109 MP: 0/0
 33193 | Lair:6   | Learned a level 6 spell: Death Channel
 33792 | Lair:6   | Identified the +11 lajatang of the Curious Stories {pain,
                  | rF+}
 34881 | D:6      | Killed Eustachio
 34946 | D:9      | Bought a masterwork scale mail for 288 gold pieces
 34946 | D:9      | Identified the +1 scale mail "Henetuh" {+Inv rCorr Str-3
                  | Int+3} (You bought it in a shop on level 9 of the Dungeon)
 35590 | D:11     | Found a staircase to the Orcish Mines.
 35792 | Orc:1    | Entered Level 1 of the Orcish Mines
 35798 | Orc:1    | Noticed Fannar
 35812 | Orc:1    | Killed Fannar
 36412 | Orc:1    | Received a gift from Okawaru
 37304 | Orc:2    | Entered Level 2 of the Orcish Mines
 37384 | Orc:2    | Found a staircase to the Elven Halls.
 37490 | Orc:2    | Found Mevyghah's Assorted Antiques.
 37498 | Orc:2    | Bought a white potion for 27 gold pieces
 37498 | Orc:2    | Bought a scroll of fog for 60 gold pieces
 37643 | Orc:2    | Received a gift from Okawaru
 38949 | Orc:2    | Found Weuvaczyboi's Magic Scroll Shoppe.
 39019 | Orc:2    | Found Rebaetopt's General Store.
 39027 | Orc:2    | Bought a scroll of teleportation for 42 gold pieces
 39027 | Orc:2    | Found Mycan's Weapon Shop.
 39029 | Orc:2    | Found Latujoan's General Store.
 39038 | Orc:2    | Bought a potion of heal wounds for 70 gold pieces
 39264 | Orc:2    | Bought a scroll of acquirement for 728 gold pieces
 39264 | Orc:2    | Bought a scroll of teleportation for 42 gold pieces
 39264 | Orc:2    | Bought a scroll of identify for 28 gold pieces
 39264 | Orc:2    | Bought a scroll of blinking for 105 gold pieces
 39264 | Orc:2    | Bought a scroll of identify for 28 gold pieces
 39264 | Orc:2    | Bought a scroll of identify for 28 gold pieces
 39264 | Orc:2    | Acquired the ring of Honiffou {rElec rN+ Will+}
 39489 | Spider:1 | Entered Level 1 of the Spider Nest
 39966 | Spider:1 | Reached skill level 5 in Invocations
 40895 | Spider:1 | Reached XP level 16. HP: 118/118 MP: 0/0
 41259 | Spider:2 | Identified the +1 cloak of Snakes and Ladders {rPois MP-9
                  | Int+3 Stlth+} (Okawaru gifted it to you on level 2 of the
                  | Spider Nest)
 41259 | Spider:2 | Received a gift from Okawaru
 43249 | Spider:3 | Identified the +5 fustibalus "Cihosch" {freeze, Stlth+}
                  | (Okawaru gifted it to you on level 3 of the Spider Nest)
 43249 | Spider:3 | Received a gift from Okawaru
 43509 | Spider:4 | Entered Level 4 of the Spider Nest
 43825 | Spider:4 | Reached skill level 1 in Shields
 43897 | Spider:4 | Received a gift from Okawaru
 43991 | Spider:4 | Noticed Arachne
 44021 | Spider:4 | Killed Arachne
 44021 | Spider:4 | Received a gift from Okawaru
 44088 | Spider:4 | Reached XP level 17. HP: 123/129 MP: 0/0
 44088 | Spider:4 | Learned a level 7 spell: Storm Form
 44691 | Spider:4 | Reached skill level 15 in Fighting
 45063 | Spider:4 | Got a gossamer rune of Zot
 45249 | Shoals:1 | Entered Level 1 of the Shoals
 45670 | Shoals:1 | Identified the +0 pair of gloves "Waopach" {Int+3} (Okawaru
                  | gifted it to you on level 1 of the Shoals)
 45670 | Shoals:1 | Received a gift from Okawaru
 45981 | Shoals:1 | Identified the +1 trident of Crystal {flame, MP+9 Str+7
                  | Dex-2 Stlth-}
 46339 | Shoals:1 | Found Sukhiakk's Magic Scroll Emporium.
 46364 | Shoals:1 | Bought a scroll of enchant armour for 135 gold pieces
 46364 | Shoals:1 | Bought a scroll of fear for 63 gold pieces
 46364 | Shoals:1 | Bought a scroll of teleportation for 54 gold pieces
 46364 | Shoals:1 | Bought 3 scrolls of fog for 108 gold pieces
 46367 | Shoals:1 | Noticed Roxanne
 46824 | Shoals:1 | Reached XP level 18. HP: 107/141 MP: 0/0
 48162 | Shoals:3 | Received a gift from Okawaru
 48259 | Shoals:3 | Cast into level 3 of the Abyss (merfolk javelineer)
 48269 | Abyss:3  | Reached skill level 10 in Spellcasting
 48269 | Abyss:3  | Reached XP level 19. HP: 126/150 MP: 0/0
 48269 | Abyss:3  | Learned a level 7 spell: Summon Hydra
 48331 | Abyss:3  | Found a corrupted altar of Lugonu.
 48454 | Abyss:3  | Noticed a hellephant
 48455 | Abyss:3  | Got an abyssal rune of Zot
 48477 | Abyss:3  | Found a runed translucent gate.
 48478 | Abyss:3  | Found a runed translucent gate.
 48479 | Abyss:3  | Found a runed translucent gate.
 48616 | Shoals:3 | Escaped the Abyss
 48641 | Shoals:2 | Identified the +0 buckler "Caqiuxza" {rC+} (Okawaru gifted
                  | it to you on level 2 of the Shoals)
 48641 | Shoals:2 | Received a gift from Okawaru
 49258 | Shoals:4 | Entered Level 4 of the Shoals
 49413 | Shoals:3 | Found Tozxoq's Gadget Gallery.
 50194 | Shoals:4 | Noticed Aizul
 50229 | Shoals:4 | Killed Aizul
 52523 | Shoals:4 | Noticed Bai Suzhen
 52881 | Shoals:4 | Reached XP level 20. HP: 83/158 MP: 0/0
 53194 | Shoals:4 | Got a barnacled rune of Zot
 54066 | D:12     | Identified the +0 kite shield of Fashionability {Regen+
                  | Int-4 Stlth+} (Okawaru gifted it to you on level 12 of the
                  | Dungeon)
 54066 | D:12     | Received a gift from Okawaru
 54601 | D:13     | Found a gate to the Vaults.
 55094 | D:13     | You are sucked into a shaft and drop 1 floor!
 56215 | D:15     | Entered Level 15 of the Dungeon
 56882 | D:15     | Found a staircase to the Depths.
 57870 | D:15     | Reached skill level 10 in Armour
 58281 | Elf:1    | Entered Level 1 of the Elven Halls
 58835 | Elf:1    | Found Gufocoh's Weapon Shop.
 59352 | Elf:1    | Identified the +1 pair of gloves "Poicenn" {+Inv rC++}
                  | (Okawaru gifted it to you on level 1 of the Elven Halls)
 59352 | Elf:1    | Received a gift from Okawaru
 59967 | Elf:1    | Identified the +9 war axe of Zoypraag {drain, rN+}
 60564 | Elf:2    | Paralysed by an air elemental for 1 turns
 60787 | Elf:2    | Found Obag's Distillery.
 60793 | Elf:2    | Found Axtuxkus's Distillery.
 60800 | Elf:2    | Reached XP level 21. HP: 166/166 MP: 0/0
 60800 | Elf:2    | Learned a level 8 spell: Lehudib's Crystal Spear
 61083 | Elf:2    | Found a runed translucent gate.
 61083 | Elf:2    | Found a runed translucent gate.
 61084 | Elf:2    | Found a runed translucent gate.
 61488 | Elf:3    | Entered Level 3 of the Elven Halls
 62080 | Elf:3    | Paralysed by an air elemental for 1 turns
 63967 | Elf:3    | Received a gift from Okawaru
 64643 | Elf:3    | Noticed Mara
 64663 | Elf:3    | Killed Mara
 65196 | Elf:3    | Identified the +1 broad axe of Infinite Pain {flame, Fly
                  | rPois Str+4 Dex+2}
 65196 | Elf:3    | Identified the amulet of Loisorra {RegenMP rCorr MP-9 Dex-5
                  | Stlth+}
 65235 | Elf:3    | Identified the amulet of Macaku {Spirit *Slow rPois rC+
                  | rN++}
 65447 | Elf:3    | Identified the +3 shortbow "Eqek Enuil" {venom, rC+}
                  | (Okawaru gifted it to you on level 3 of the Elven Halls)
 65447 | Elf:3    | Received a gift from Okawaru
 65528 | Elf:3    | Reached XP level 22. HP: 166/171 MP: 0/0
 66250 | Elf:3    | Identified the +3 ring mail "Yqahun" {Slay+2}
 66513 | Elf:2    | Bought a potion of haste for 160 gold pieces
 66513 | Elf:2    | Bought a potion of haste for 160 gold pieces
 66513 | Elf:2    | Bought a potion of heal wounds for 80 gold pieces
 66513 | Elf:2    | Bought a potion of might for 64 gold pieces
 66667 | Vaults:1 | Entered Level 1 of the Vaults
 66904 | Vaults:1 | Received a gift from Okawaru
 67781 | Vaults:1 | Reached skill level 15 in Spellcasting
 70700 | Vaults:2 | Received a gift from Okawaru
 71073 | Vaults:2 | Reached XP level 23. HP: 150/178 MP: 0/0
 71073 | Vaults:2 | Learned a level 7 spell: Ozocubu's Refrigeration
 72572 | Vaults:2 | Found the +9 heavy crossbow "Sniper" {vorpal, Acc+∞ SInv}
 73047 | Vaults:2 | Received a gift from Okawaru
 73092 | Vaults:2 | Found a staircase to the Crypt.
 74354 | Vaults:3 | Found a gateway to a bazaar.
 74546 | Bazaar   | Entered a bazaar
 74546 | Bazaar   | Found Emy Sira's Magic Scroll Boutique.
 74546 | Bazaar   | Found Tamedie's Armour Emporium.
 74546 | Bazaar   | Found Uqeco's Antique Armour Emporium.
 74547 | Bazaar   | Found Arass's Antique Weapon Shoppe.
 74547 | Bazaar   | Found Qees Piph's Distillery.
 74559 | Bazaar   | Bought a potion of haste for 70 gold pieces
 74559 | Bazaar   | Bought a potion of might for 28 gold pieces
 74566 | Bazaar   | Bought a scroll of enchant weapon for 97 gold pieces
 74566 | Bazaar   | Bought a scroll of enchant armour for 97 gold pieces
 74566 | Bazaar   | Bought a scroll of teleportation for 39 gold pieces
 74566 | Bazaar   | Bought a scroll of teleportation for 39 gold pieces
 74566 | Bazaar   | Bought a scroll of blinking for 97 gold pieces
 74566 | Bazaar   | Bought a scroll of enchant weapon for 97 gold pieces
 74566 | Bazaar   | Bought a scroll of enchant armour for 97 gold pieces
 74566 | Bazaar   | Bought a scroll of teleportation for 39 gold pieces
 74566 | Bazaar   | Bought a scroll of enchant weapon for 97 gold pieces
 74566 | Bazaar   | Bought a scroll of fog for 26 gold pieces
 74573 | Bazaar   | Bought a runed kite shield for 165 gold pieces
 74782 | Vaults:3 | Reached skill level 5 in Shields
 75620 | Vaults:3 | Noticed Nikola
 75625 | Vaults:3 | Identified the +2 war axe of Coywn {elec, Str+3 SInv}
 75664 | Vaults:3 | Killed Nikola
 76495 | Vaults:3 | Reached XP level 24. HP: 173/184 MP: 0/0
 76967 | Vaults:3 | Found Fuatz's Magic Scroll Boutique.
 77361 | Vaults:4 | Found a ruined gateway.
 77401 | Desolati | Entered the Desolation of Salt
 78247 | Desolati | Reached skill level 10 in Shields
 78377 | Desolati | Identified the +6 spear of Dismemberment {flame, +Rage
                  | Dex+2}
 78831 | Desolati | Identified the +6 war axe of Gozag's Regard {drain, +Rage
                  | Dex+2 SInv}
 78845 | Desolati | Identified the +10 spear of a Billion Spreadsheets {vorpal,
                  | rCorr Dex+2}
 78857 | Desolati | Identified the ring of Pyefob {Fire Will+ Slay+3}
 79996 | Vaults:4 | Identified the +13 crystal plate armour of the Pits of
                  | Slime {Rampage MP-9 Int+6 Slay+4} (Okawaru gifted it to you
                  | on level 4 of the Vaults)
 79996 | Vaults:4 | Received a gift from Okawaru
 81378 | Crypt:1  | Entered Level 1 of the Crypt
 83208 | Crypt:1  | Reached XP level 25. HP: 164/191 MP: 0/0
 83208 | Crypt:1  | Learned a level 9 spell: Shatter
 84763 | Crypt:2  | Reached skill level 15 in Shields
 85163 | Crypt:1  | Received a gift from Okawaru
 85673 | Crypt:1  | Identified the +5 long sword of the Poles {freeze, +Rage
                  | Fly Str+6} (Okawaru gifted it to you on level 1 of the
                  | Crypt)
 85673 | Crypt:1  | Received a gift from Okawaru
 87331 | Crypt:2  | Reached skill level 15 in Dodging
 87705 | Crypt:3  | Entered Level 3 of the Crypt
 88745 | Crypt:3  | Found a basalt altar of Yredelemnul.
 89136 | Crypt:3  | Received a gift from Okawaru
 89571 | Crypt:3  | Noticed Boris
 89603 | Crypt:3  | Killed Boris
 90023 | Crypt:3  | Found a staircase to the Tomb.
 90767 | Crypt:3  | Found the +2 ratskin cloak {*Rats rPois rN+ Str-1 Int-1
                  | Dex+1}
 90839 | Crypt:3  | Noticed Jory
 90980 | Crypt:3  | Killed Jory
 91275 | Crypt:3  | Identified the +0 spear "Xesy" {freeze, rF+ rN++ Will-
                  | MP+9}
 91387 | Crypt:3  | Reached XP level 26. HP: 162/201 MP: 0/0
 93309 | Slime:1  | Entered Level 1 of the Pits of Slime
 93338 | Slime:1  | You are sucked into a shaft and drop 1 floor!
 93583 | Slime:2  | Gained mutation: You are frail. (-10% HP) [a shining eye]
 95076 | Slime:3  | Lost mutation: You are frail. (-10% HP) [potion of
                  | mutation]
 95076 | Slime:3  | Gained mutation: You tend to lose your temper in combat.
                  | [potion of mutation]
 96499 | Slime:5  | Entered Level 5 of the Pits of Slime
 97266 | Slime:4  | Gained mutation: You are clumsy. (Dex -2) [a shining eye]
 98376 | Depths:1 | Entered Level 1 of the Depths
 98458 | Depths:1 | Found a white marble altar of Elyvilon.
 98738 | Depths:1 | Noticed the Enchantress
 98761 | Depths:1 | Killed the Enchantress
 99103 | Depths:1 | Lost mutation: You tend to lose your temper in combat.
                  | [potion of mutation]
 99103 | Depths:1 | Lost mutation: You are clumsy. (Dex -2) [potion of
                  | mutation]
 99103 | Depths:1 | Gained mutation: You are agile. (Dex +2) [potion of
                  | mutation]
 99103 | Depths:1 | Gained mutation: You are robust. (+10% HP) [potion of
                  | mutation]
100276 | Depths:1 | Reached XP level 27. HP: 203/229 MP: 0/0
100276 | Depths:1 | Learned a level 9 spell: Chain Lightning
100679 | Depths:1 | Found a one-way gate leading to the halls of Pandemonium.
100822 | Depths:1 | Received a gift from Okawaru
101146 | Depths:1 | Found a gateway to Hell.
103440 | Depths:3 | Received a gift from Okawaru
104208 | Depths:3 | Identified the ring of Zosimnail {Fly rF+ Will+}
104835 | Depths:3 | Found Ejasumuk's Jewellery Emporium.
104835 | Depths:3 | Found Tyjasag's Book Shop.
104836 | Depths:3 | Found Faclue's Book Shop.
105731 | Depths:4 | Reached skill level 15 in Long Blades
106523 | Depths:4 | Noticed a juggernaut
106527 | Depths:4 | Identified the +2 ring mail "Lonwics" {Harm rElec rF-
                  | Str+3} (Okawaru gifted it to you on level 4 of the Depths)
106527 | Depths:4 | Received a gift from Okawaru
106543 | Depths:4 | Killed a juggernaut
107369 | Depths:4 | Found a gateway to a ziggurat.
108020 | Depths:5 | Entered Level 5 of the Depths
108035 | Depths:5 | Identified the +6 triple sword of Bixt {elec, rPois rCorr
                  | Int-2 Stlth+} (Okawaru gifted it to you on level 5 of the
                  | Depths)
108035 | Depths:5 | Received a gift from Okawaru
109609 | Depths:5 | Paralysed by a floating eye for 4 turns
109763 | Depths:5 | Received a gift from Okawaru
110217 | Depths:5 | Noticed a juggernaut
110231 | Depths:5 | Killed a juggernaut
110607 | Depths:5 | Reached skill level 15 in Armour
110784 | Depths:5 | Found a viscous altar of Jiyva.
111426 | Depths:5 | Found a gate to the Realm of Zot.
112392 | Zot:1    | Entered Level 1 of the Realm of Zot
112438 | Zot:1    | Received a gift from Okawaru
112932 | Zot:1    | Found a transporter.
112976 | Zot:1    | Received a gift from Okawaru
113073 | Zot:1    | Identified the amulet "Jenodan" {Reflect rN++ Will+ Str+3
                  | SH+5}
113087 | Zot:1    | Noticed an orb of fire
113092 | Zot:1    | Noticed a dread lich
114778 | Zot:1    | Received a gift from Okawaru
115419 | Zot:2    | Identified the +1 ring mail of Weightlessness {rF+ Int+2}
                  | (Okawaru gifted it to you on level 2 of the Realm of Zot)
115419 | Zot:2    | Received a gift from Okawaru
116302 | Zot:2    | Noticed an orb of fire
116316 | Zot:2    | Gained mutation: You tend to lose your temper in combat.
                  | [an orb of fire]
116331 | Zot:2    | Killed an orb of fire
116625 | Zot:2    | Noticed a Killer Klown
116638 | Zot:2    | Killed a Killer Klown
117073 | Zot:2    | Noticed an ancient lich
117177 | Zot:1    | Killed an ancient lich
117398 | Zot:2    | Identified the +7 longbow of Hazipt {venom, rPois} (Okawaru
                  | gifted it to you on level 2 of the Realm of Zot)
117398 | Zot:2    | Received a gift from Okawaru
117461 | Zot:2    | Found a runed translucent gate.
117461 | Zot:2    | Found a runed translucent gate.
117467 | Zot:2    | Found a runed translucent gate.
117468 | Zot:2    | Found an opulent altar of Gozag.
117468 | Zot:2    | Found Gonink's Assorted Antiques.
117468 | Zot:2    | Noticed Roxtikhle's ghost (legendary OgGl)
117482 | Zot:2    | Paralysed by a Zot trap for 3 turns
119722 | Zot:3    | Identified the +9 scimitar "Mur Josuowie" {vorpal, rElec
                  | rCorr} (Okawaru gifted it to you on level 3 of the Realm of
                  | Zot)
119722 | Zot:3    | Received a gift from Okawaru
121249 | Zot:3    | You are sucked into a shaft and drop 1 floor!
121255 | Zot:4    | Noticed an orb of fire
121289 | Zot:4    | Gained mutation: Armour fits poorly on your strangely
                  | shaped body. [an orb of fire]
121290 | Zot:4    | Killed an orb of fire
121292 | Zot:4    | Identified the +2 chain mail of the Hurricane {Harm Str+3}
                  | (Okawaru gifted it to you on level 4 of the Realm of Zot)
121292 | Zot:4    | Received a gift from Okawaru
123219 | Zot:5    | Entered Level 5 of the Realm of Zot
125100 | Vaults:3 | Bought a scroll of acquirement for 676 gold pieces
125100 | Vaults:3 | Bought a scroll of enchant armour for 97 gold pieces
125100 | Vaults:3 | Bought a scroll of acquirement for 676 gold pieces
125104 | Vaults:3 | Acquired a manual of Spellcasting
125106 | Vaults:3 | Acquired a manual of Shields
125405 | Elf:2    | Bought a potion of resistance for 160 gold pieces
125405 | Elf:2    | Bought a potion of haste for 160 gold pieces
125405 | Elf:2    | Bought a potion of haste for 160 gold pieces
125405 | Elf:2    | Bought a potion of haste for 160 gold pieces
125411 | Elf:2    | Bought a potion of curing for 48 gold pieces
125411 | Elf:2    | Bought a potion of curing for 48 gold pieces
125717 | Hell     | Entered the Vestibule of Hell
125717 | Hell     | Noticed Geryon
125754 | Hell     | Received a gift from Okawaru
125758 | Hell     | Found a gateway to the ashen valley of Gehenna.
127714 | Hell     | Killed Geryon
127776 | Hell     | Found a gateway to the decaying netherworld of Tartarus.
127916 | Hell     | Found a gateway to the freezing wastes of Cocytus.
128032 | Hell     | Found a gateway to the Iron City of Dis.
128490 | Zot:5    | Received a gift from Okawaru
129180 | Zot:5    | Received a gift from Okawaru
129303 | Zot:5    | Noticed a dread lich
129320 | Zot:5    | Killed a dread lich
129329 | Zot:5    | Noticed a Killer Klown
129353 | Zot:5    | Noticed an orb of fire
129361 | Zot:5    | Gained mutation: You passively dampen the noise of your
                  | surroundings. [an orb of fire]
129363 | Zot:5    | Gained mutation: You occasionally shout uncontrollably at
                  | your foes. [an orb of fire]
129365 | Zot:5    | Gained mutation: You frequently scream uncontrollably at
                  | your foes. [an orb of fire]
129375 | Zot:5    | Gained mutation: You are partially covered in iridescent
                  | scales. (AC +2) [an orb of fire]
129377 | Zot:5    | Noticed an orb of fire
129378 | Zot:5    | Noticed a Killer Klown
129381 | Zot:5    | Noticed an orb of fire
129386 | Zot:5    | Noticed a Killer Klown
129390 | Zot:5    | Noticed an orb of fire
129392 | Zot:5    | Noticed an orb of fire
129393 | Zot:5    | HP: 13/363 [orb of fire/bolt of fire (13)]
129398 | Zot:5    | Noticed an orb of fire
129802 | Zot:5    | Noticed an orb of fire
129808 | Zot:5    | Identified the +0 ring mail of the Trombone {rPois rF++
                  | Str+4} (Okawaru gifted it to you on level 5 of the Realm of
                  | Zot)
129808 | Zot:5    | Received a gift from Okawaru
129812 | Zot:5    | Lost mutation: You are partially covered in iridescent
                  | scales. (AC +2) [an orb of fire]
129825 | Zot:5    | Gained mutation: You are weak. (Str -2) [an orb of fire]
129829 | Zot:5    | Gained mutation: Potions are less effective at restoring
                  | your health. [an orb of fire]
129837 | Zot:5    | Killed an orb of fire
129838 | Zot:5    | Gained mutation: You sometimes lose the ability to read
                  | scrolls when taking damage. [an orb of fire]
129840 | Zot:5    | Noticed an orb of fire
129850 | Zot:4    | Gained mutation: You often lose your temper in combat. [an
                  | orb of fire]
129862 | Zot:4    | Killed an orb of fire
130151 | Zot:5    | Killed an orb of fire
130219 | Zot:4    | Lost mutation: You are robust. (+10% HP) [potion of
                  | mutation]
130219 | Zot:4    | Lost mutation: Potions are less effective at restoring your
                  | health. [potion of mutation]
130219 | Zot:4    | Gained mutation: You are dopey. (Int -2) [potion of
                  | mutation]
130219 | Zot:4    | Gained mutation: Your spells are a little easier to cast,
                  | but a little less powerful. [potion of mutation]
130219 | Zot:4    | Gained mutation: A frigid envelope surrounds you and
                  | freezes all who hurt you. [potion of mutation]
130220 | Zot:4    | Lost mutation: You sometimes lose the ability to read
                  | scrolls when taking damage. [potion of mutation]
130220 | Zot:4    | Lost mutation: You are agile. (Dex +2) [potion of mutation]
130220 | Zot:4    | Lost mutation: You frequently scream uncontrollably at your
                  | foes. [potion of mutation]
130220 | Zot:4    | Gained mutation: Your movements are slightly less
                  | encumbered by armour. (ER -2) [potion of mutation]
130221 | Zot:4    | Lost mutation: You are weak. (Str -2) [potion of mutation]
130221 | Zot:4    | Lost mutation: A frigid envelope surrounds you and freezes
                  | all who hurt you. [potion of mutation]
130221 | Zot:4    | Lost mutation: You occasionally shout uncontrollably at
                  | your foes. [potion of mutation]
130221 | Zot:4    | Gained mutation: Your muscles are strong. (Str +2) [potion
                  | of mutation]
130271 | Zot:4    | Killed an orb of fire
130283 | Zot:5    | Killed a Killer Klown
130564 | Zot:5    | Noticed a Killer Klown
130585 | Zot:5    | Killed a Killer Klown
130601 | Zot:5    | Gained mutation: Your spells are easier to cast, but less
                  | powerful. [an orb of fire]
130610 | Zot:5    | Killed an orb of fire
130708 | Zot:5    | Noticed a Killer Klown
130986 | Zot:5    | Killed a Killer Klown
131159 | Zot:5    | a Killer Klown changed into an acid blob
131397 | Zot:4    | Killed an orb of fire
131413 | Zot:5    | Gained mutation: Your body sometimes deteriorates upon
                  | taking damage. [an orb of fire]
131678 | Zot:5    | Gained mutation: You are clumsy. (Dex -2) [an orb of fire]
131693 | Zot:5    | Killed an orb of fire
131717 | Zot:5    | Received a gift from Okawaru
131750 | Zot:5    | Killed a Killer Klown
131932 | Zot:5    | Killed an orb of fire
132753 | Zot:5    | Noticed an ancient lich
132785 | Zot:5    | Killed an ancient lich
132953 | Zot:5    | Got the Orb of Zot
133076 | Zot:1    | Noticed Veklyv the pandemonium lord
133206 | Depths:4 | Noticed Liamozausk the pandemonium lord
133659 | D:5      | Noticed Sonaf the pandemonium lord
133748 | D:$      | Escaped with the Orb!

Illustrated notes

Levels and vault maps discovered:
D:1:      grunt_arrival_lava_bath, layout_loops_ring, minmay_circled_x
D:2:      layout_rooms, serial_shops, shop_fountains, minmay_tetromino_t4
D:3:      layout_basic, kennysheep_orc_sif_temple, uniq_natasha
D:4:      layout_loops_ring, temple_pool_b
D:5:      layout_loops_ring, lightli_sewer_entry_pipes, minivault_19,
          minmay_puff
D:6:      layout_loops_ring, uniq_eustachio
D:7:      layout_basic, makhleb_heckhound_becter, mainiacjoe_overflow_24_doors,
          ebering_ghost_inner_flame, enter_bailey_3
D:8:      layout_cave_pools, ashenzari_altar_1,
          mainiacjoe_overflow_divided_tiny, uniq_psyche, uniq_harold
D:9:      minmay_the_grid_four_pointed_star_mashed
          [minmay_the_grid_triangle_9x9_flanged_cone,
          minmay_the_grid_triangle_9x9_impossible_snake,
          minmay_the_grid_triangle_9x9_fully_insulated_deathbox,
          minmay_the_grid_triangle_9x9_thin_v,
          minmay_the_grid_prize_diamond_cup], layout_stronghold, serial_shops,
          nicolae_shop_temple_entry_statues_fountains,
          gammafunk_ghost_hydra_chop
D:10:     layout_irregular_city, erik_lair_orcish_takeover, serial_shops,
          nicolae_shop_crystal, minmay_shattered_shrine
D:11:     layout_roguey, orc_0_dummy, serial_shops, shop
D:12:     layout_cave_pools, gauntlet_entry_generic, st_stairs_13
D:13:     layout_loops_corners, erik_vaults_2, kennysheep_generic_room_4
D:14:     layout_basic, abandoned_shop, drop_trap
D:15:     hangedman_depths_entry_civil_slaughter, layout_loops_ring,
          roderic_roman_lattice
Temple:   nicolae_temple_elliptical
Lair:1:   layout_regular_city
Lair:2:   layout_cave_pods, beast_lair_carwin_5, minmay_lair_oklob_chamber,
          uniq_urug
Lair:3:   layout_big_grid, elwin_shoals_entry_stream,
          gammafunk_ghost_abyssal_escape
Lair:4:   layout_regular_city, nicolae_spider_entry_non_spiders,
          hellmonk_ghost_happy_afterlife, kennysheep_snail_temple,
          serial_bayou_shore_a, grunt_megastairs_1
Lair:5:   layout_regular_city, infiniplex_staircase_pool_2
Lair:6:   due_jungle_book, layout_long_grid, slime_altar_1,
          lightli_volcano_entry_magma_tube, st_stairs_7, guppyfry_lair_drakes,
          infiniplex_staircase_pool, uniq_josephine
Shoals:1: cheibrodos_shoals_epimethial_gifts, layout_shoals, serial_shops,
          nicolae_diamond_shop, uniq_roxanne
Shoals:2: layout_shoals, nicolae_shoals_mertower
Shoals:3: layout_shoals, nicolae_shop_gadgets
Shoals:4: shoals_end_simple, layout_shoals,
          nicolae_shoals_siren_and_animal_friends, uniq_aizul, uniq_bai_suzhen
Spider:1: layout_chambers
Spider:2: layout_spider_delve, nicolae_spider_spiderdrome
Spider:3: nicolae_spider_hilbert_zone_1 [nicolae_spider_hilbert_4_sides_1_open,
          nicolae_spider_hilbert_4_sides_1_open,
          nicolae_spider_hilbert_4_sides_1_open,
          nicolae_spider_hilbert_4_sides_1_open,
          nicolae_spider_hilbert_3_sides_1_open,
          nicolae_spider_hilbert_3_sides_1_open,
          nicolae_spider_hilbert_3_sides_1_open,
          nicolae_spider_hilbert_3_sides_1_open,
          nicolae_spider_hilbert_3_sides_1_open,
          nicolae_spider_hilbert_6_sides_1_open,
          nicolae_spider_hilbert_6_sides_1_open,
          nicolae_spider_hilbert_3_sides_1_open,
          nicolae_spider_hilbert_3_sides_1_open,
          nicolae_spider_hilbert_3_sides_1_open,
          nicolae_spider_hilbert_3_sides_1_open,
          nicolae_spider_hilbert_2_sides_1_open]
Spider:4: spider_rune_water, guppyfry_spider_mini_1, uniq_arachne
Slime:1:  layout_caves
Slime:2:  layout_caves, nicolae_slime_barrier
Slime:3:  layout_caves
Slime:4:  cheibrodos_slime_lost_civilization_2, layout_caves
Slime:5
Orc:1:    layout_caves, uniq_fannar
Orc:2:    st_orc_elflike, layout_diamond_mine, serial_shops,
          nicolae_diamond_shop, mines2_david
Elf:1:    layout_onion_city, serial_shops, nicolae_shop_trees, serial_glass,
          glass_columns_b, glass_columns_a, hangedman_corner_corridor,
          lemuel_upstairs_altar
Elf:2:    layout_loops_corners, minmay_shoptagon
Elf:3:    minmay_elf_hall_four_x, layout_geoelf_diagonals, basic_altar,
          minmay_misc_feat_columns, grunt_megastairs_2, uniq_mara
Vaults:1: dpeg_vaults_waves, v_misc_3, vaults_room_pools, v_misc_13,
          hangedman_vaults_pinch, v_misc_3, hangedman_vaults_slither,
          ontoclasm_vaults_ring_square, v_pattern_5, v_misc_8,
          nicolae_vaults_little_squares_5, ontoclasm_vaults_ligature,
          nicolae_vaults_specimen_jars, hangedman_vaults_trim,
          layout_vaults_omnicross
Vaults:2: minmay_guarded_unrand_secular_launcher, nicolae_vaults_little_ls,
          v_alt_pattern_5, v_misc_22, minmay_crypt_entry_simple_round,
          hangedman_vaults_variations, vaults_standard_mumra_enter_the_diamond,
          grunt_vaults_diagonal, nicolae_vaults_theta,
          nicolae_vaults_border_crossing, vaults_room_pool,
          layout_vaults_chaotic_city
Vaults:3: nicolae_vaults_stairing_the_circle, nicolae_vaults_theta, v_misc_1,
          ontoclasm_vaults_decontamination, nicolae_vaults_angled_halls,
          nicolae_vaults_little_squares_2, st_octagons_1, serial_ice_b,
          ontoclasm_vaults_ring_large, hangedman_vaults_hat, layout_vaults_maze,
          serial_shops, bzr_entry_dummy, shop, uniq_nikola
Vaults:4: grunt_vaults_focal, vaults_mumra_chevron_long,
          nicolae_vaults_octagons, hangedman_vaults_stretched_pinwheel,
          vaults_room_door_hall, nicolae_vaults_little_squares_6, v_pattern_4,
          v_misc_10, nicolae_vaults_little_squares_6, hangedman_vaults_trim,
          vaults_dpeg_hooks, layout_vaults_ring, portal_desolation_entry_garden
Crypt:1:  layout_misc_corridors, item_on_display_a
Crypt:2:  layout_gridlike
Crypt:3:  evilmike_haunted_forest, uniq_boris, uniq_jory
Depths:1: layout_basic, grunt_mini_vestibule, grunt_pan_entry_zigzag,
          elyvilon_altar_1, uniq_enchantress
Depths:2: minmay_thick_lines, layout_cave_pools, hell_entry, minmay_crystal_room
Depths:3: grunt_arcs, layout_gridlike, minmay_misc_feat_ornament,
          rand_demon_pan_entry_9, hell_entry, grunt_decor_clamped,
          serial_bayou_shore_b, firewood_loft,
          minmay_staircase_statues_hall_small, minmay_shop_grove
Depths:4: grunt_deathspiral_small, layout_gridville, enter_ziggurat_f,
          hell_entry, abyss_entry_small_statue_room
Depths:5: lemuel_castle_with_subvaults [lemuel_castle_interior_original],
          layout_gridville, special_room [special_room_jelly],
          pf_hell_entry_tar_river, serial_rivers,
          chequers_serial_rivers_micro_e, chequers_serial_rivers_micro_e,
          chequers_serial_rivers_large_b, chequers_serial_rivers_micro_c,
          onia_ninara_cookie
Hell
Zot:1:    gammafunk_sealed_library, layout_twisted_circle, zot_minivault_1
Zot:2:    hangedman_zot_vaults_quadrants, layout_onion, ebering_ghost_gozag
Zot:3:    layout_onion_interference, grunt_megastairs_5
Zot:4:    layout_misc_corridors
Zot:5:    layout_gridlike

Skill      XL: |  1  2  3  4  5  6  7  8  9 10 11 12 13 14 15 16 17 18 19 20 21 22 23 24 25 26 27 |
---------------+----------------------------------------------------------------------------------+-----
Fighting       | 1 2 3 5 6 8 9 10 12 14 16 17 18 19 20 21 26 | 26.0
Stealth        | 2 5 8 |  8.0
Dodging        | 3 5 7 9 10 11 12 14 16 18 26 | 26.1
Spellcasting   | 3 4 5 6 7 8 9 10 11 13 16 21 | 21.5
Armour         | 2 4 6 7 8 10 12 15 | 15.0
Evocations     | 3 6 7 8 |  8.1
Invocations    | 2 5 6 7 |  7.0
Long Blades    | 6 10 12 13 14 16 | 16.0
Shields        | 4 8 14 15 | 15.0

Action                   |  1- 3 |  4- 6 |  7- 9 | 10-12 | 13-15 | 16-18 | 19-21 | 22-24 | 25-27 || total
-------------------------+-------+-------+-------+-------+-------+-------+-------+-------+-------++-------
Melee: Dagger            |    46 |    60 |    68 |    15 |       |       |       |       |       ||   189
       Trident           |       |       |       |   194 |       |       |       |       |       ||   194
       Demon blade       |       |       |       |    35 |   645 |   731 |  1224 |  1891 |  3204 ||  7730
       Punch             |       |       |       |       |     1 |       |       |       |       ||     1
       Double sword      |       |       |       |       |       |       |       |       |  2399 ||  2399
Throw: Javelin           |       |       |       |       |     4 |     4 |     2 |     5 |    23 ||    38
 Cast: Sting             |    36 |    15 |     2 |       |       |       |       |       |       ||    53
       Poisonous Vapours |       |    92 |   175 |   199 |   269 |   209 |   124 |    17 |    28 ||  1113
       Call Imp          |       |     8 |   115 |   254 |   264 |   177 |   286 |   115 |    29 ||  1248
       Mephitic Cloud    |       |     2 |     2 |       |     3 |     3 |     9 |     1 |       ||    20
       Animate Skeleton  |       |     1 |    13 |     3 |     9 |     1 |    54 |    23 |     6 ||   110
       Olgreb's Toxic Ra |       |       |    19 |    57 |    66 |    53 |    37 |     7 |    10 ||   249
       Frozen Ramparts   |       |       |       |     7 |    19 |    19 |    17 |    28 |    19 ||   109
       Manifold Assault  |       |       |       |       |    26 |    16 |     3 |       |     4 ||    49
       Alistair's Intoxi |       |       |       |       |     2 |       |       |       |       ||     2
       Death Channel     |       |       |       |       |     1 |       |     2 |       |     1 ||     4
       Summon Hydra      |       |       |       |       |       |       |       |    26 |    54 ||    80
       Storm Form        |       |       |       |       |       |       |       |     1 |       ||     1
       Ozocubu's Refrige |       |       |       |       |       |       |       |    26 |   267 ||   293
Invok: Heroism           |       |       |       |       |     3 |    10 |    25 |    10 |    43 ||    91
       Finesse           |       |       |       |       |       |     3 |     7 |     7 |    34 ||    51
 Abil: End Transformatio |       |       |       |       |       |       |       |     1 |       ||     1
Evoke: Wand              |       |       |       |    15 |    68 |    32 |    65 |    17 |    27 ||   224
       Phantom mirror    |       |       |       |     1 |     2 |       |     3 |       |     3 ||     9
       Box of beasts     |       |       |       |       |       |       |     2 |       |     6 ||     8
       Tin of tremorston |       |       |       |       |       |       |     4 |       |     4 ||     8
       Condenser vane    |       |       |       |       |       |       |       |       |     3 ||     3
  Use: Scroll            |       |       |     4 |    14 |    11 |    10 |    14 |     9 |    44 ||   106
       Potion            |       |       |       |       |     2 |     3 |     2 |     7 |    34 ||    48
 Stab: Sleeping          |     2 |     4 |       |     1 |     6 |     1 |    12 |    18 |    12 ||    56
       Distracted        |       |       |     1 |     6 |     5 |     7 |    10 |     7 |    14 ||    50
       Paralysed         |       |       |       |       |     9 |       |       |     2 |       ||    11
       Confused          |       |       |       |       |     1 |       |     1 |     3 |       ||     5
Armor: Robe              |     7 |     7 |     8 |   101 |    69 |       |       |       |       ||   192
       Skin              |       |     2 |       |       |       |       |       |       |       ||     2
       Leather armour    |       |     1 |    14 |       |       |       |       |       |       ||    15
       Quicksilver drago |       |       |       |       |    51 |   295 |   325 |   392 |   265 ||  1328
       Acid dragon scale |       |       |       |       |       |       |       |       |    53 ||    53
       Ice dragon scales |       |       |       |       |       |       |       |       |  1002 ||  1002
Dodge: Dodged            |    37 |    66 |    85 |   326 |   371 |   445 |   462 |   539 |  1965 ||  4296
Block: Buckler           |       |       |       |       |       |   145 |   302 |   419 |       ||   866
       Reflection        |       |       |       |       |       |       |    33 |    20 |    37 ||    90
       Kite shield       |       |       |       |       |       |       |       |   120 |  3619 ||  3739
       Rpst.: Demon blade |       |       |       |     7 |   112 |    61 |   102 |   131 |   162 ||   575
       Double sword      |       |       |       |       |       |       |       |       |   143 ||   143

Table legend: (Time is in decaauts)
 A = Elapsed time spent in this place.
 B = Non-inter-level travel time spent in this place.
 C = Inter-level travel time spent in this place.
 D = Time resting spent in this place.
 E = Time spent auto-exploring this place.
 F = Levels seen in this place.
 G = Mean time per level.
                   A        B        C        D        E       F      G
               +--------+--------+--------+--------+--------+-----+--------+
         Total | 130206 | 123116 |   7090 |  57765 |  34617 |  64 | 2034.5 |
       Dungeon |  25780 |  23574 |   2206 |   9588 |   8359 |  15 | 1718.7 |
        Temple |    423 |    399 |     24 |    256 |    133 |   1 |  423.0 |
          Lair |  14373 |  13286 |   1087 |   5364 |   4969 |   6 | 2395.5 |
        Shoals |   7614 |   7217 |    397 |   3725 |    495 |   4 | 1903.5 |
   Spider Nest |   5545 |   5099 |    446 |   1055 |   2309 |   4 | 1386.2 |
    Slime Pits |   4659 |   4480 |    179 |   2131 |   1497 |   5 |  931.8 |
  Orcish Mines |   3020 |   2784 |    236 |    855 |   1281 |   2 | 1510.0 |
   Elven Halls |   8053 |   7789 |    264 |   3253 |   2105 |   3 | 2684.3 |
        Vaults |  12488 |  11983 |    505 |   5902 |   3628 |   4 | 3122.0 |
         Crypt |  10920 |  10698 |    222 |   5849 |   2526 |   3 | 3640.0 |
        Depths |  16607 |  15804 |    803 |   7916 |   4942 |   5 | 3321.4 |
          Hell |    582 |    569 |     13 |      8 |    324 |   1 |  582.0 |
           Zot |  15649 |  14947 |    702 |   9487 |   1690 |   5 | 3129.8 |
         Abyss |    351 |    351 |      0 |      0 |      0 |   1 |  351.0 |
        Bazaar |     35 |     35 |      0 |      0 |      0 |   1 |   35.0 |
         Sewer |    662 |    662 |      0 |    433 |     36 |   1 |  662.0 |
        Bailey |   1123 |   1123 |      0 |    730 |    118 |   1 | 1123.0 |
       Volcano |    631 |    631 |      0 |    447 |      0 |   1 |  631.0 |
    Desolation |   1685 |   1685 |      0 |    762 |    205 |   1 | 1685.0 |
               +--------+--------+--------+--------+--------+-----+--------+

Top non-repeatable levels by time:
Depths:1: 5485 daAuts
Depths:5: 4843 daAuts
   Elf:3: 4822 daAuts
 Crypt:3: 4761 daAuts
  Lair:6: 4508 daAuts
Vaults:2: 4275 daAuts
   Zot:1: 4124 daAuts
 Crypt:1: 4093 daAuts
   Zot:2: 3547 daAuts
   Zot:5: 3285 daAuts
   Zot:4: 3241 daAuts
    D:10: 3231 daAuts
Vaults:3: 2951 daAuts
Vaults:1: 2937 daAuts
     D:9: 2756 daAuts
